 Dungeon Crawl Stone Soup version 0.20.1-1-g8b1a95d (console) character file.

73 hilaritas the Sneak (level 4, -1/22 HPs)
             Began as a Spriggan Assassin on Oct 29, 2017.
             Slain by an orc
             ... wielding a +0 trident
              (4 damage)
             ... on level 3 of the Dungeon.
             The game lasted 00:04:19 (1817 turns).

hilaritas the Sneak (Spriggan Assassin)             Turns: 1817, Time: 00:04:19

Health: -1/22      AC:  3    Str:  8    XL:     4   Next: 8%
Magic:  5/5        EV: 17    Int: 12    God:
Gold:   101        SH:  0    Dex: 17    Spells: 3/3 levels left

rFire    . . .     SeeInvis +   a - +2 dagger
rCold    . . .     Gourm    .   (shield restricted)
rNeg     . . .     Faith    .   c - +0 robe
rPois    .         Spirit   .   i - +0 hat {MR+}
rElec    .         Reflect  .   d - +0 cloak
rCorr    .         Harm     .   (gloves unavailable)
MR       +....                  (boots unavailable)
Stlth    ++++......             (no amulet)
Regen    0.1/turn               (no ring)
MPRegen  0.1/turn               (no ring)

@: very quick
A: unfitting armour, see invisible, herbivore 3, speed 3, slow metabolism 2
a: no special abilities


You were on level 3 of the Dungeon.
You were not hungry.

You visited 1 branch of the dungeon, and saw 3 of its levels.

You collected 101 gold pieces.

Inventory:

Hand Weapons
 a - a +2 dagger (weapon)
 b - a +0 blowgun
 q - a +0 dagger
Missiles
 e - 8 poisoned needles
 f - 2 curare-tipped needles
Armour
 c - a +0 robe (worn)
 d - a +0 cloak (worn)
 i - a +0 hat of magic resistance (worn)
Jewellery
 t - an uncursed ring of see invisible {unknown}
Scrolls
 h - 5 scrolls of remove curse {unknown}
 m - a scroll of identify {unknown}
 n - 2 scrolls of magic mapping {unknown}
Potions
 j - a potion of brilliance {unknown}
 k - a potion of resistance {unknown}
 o - a potion of invisibility {unknown}
 p - 2 potions of magic {unknown}
 r - a potion of curing {unknown}
Books
 s - a book of Misfortune

   Spells                             Type                      Level
   a - Confusing Touch                Hexes                        1
   b - Confuse                        Hexes                        3
   c - Gell's Gravitas                Translocation                3
   d - Petrify                        Transmutation/Earth          4
   e - Metabolic Englaciation         Hexes/Ice                    5
   f - Yara's Violent Unravelling     Hexes/Transmutation          5
Comestibles
 g - 2 bread rations
 l - 2 fruits


   Skills:
 - Level 1.5 Fighting
 * Level 3.2 Short Blades
 - Level 2.0 Throwing
 - Level 1.5 Dodging
 + Level 7.8 Stealth


You had 3 spell levels left.
You didn't know any spells.

Dungeon Overview and Level Annotations

Branches:
Dungeon (3/15)

Altars:


Innate Abilities, Weirdness & Mutations

You are very small and have problems with some larger weapons.
You are too small for most types of armour.
You have supernaturally acute eyesight. (SInv)
You are a herbivore.
You cover ground extremely quickly.
You need consume almost no food.


Message History

The orc hits you. The orc misses you. The orc hits you with a trident.
An orc comes into view. It is wielding an enchanted war axe.
The orc barely misses you. The orc priest barely misses you.
The orc closely misses you. The orc barely misses you.
The orc wizard hits you but does no damage.
The orc shouts!
You hit the orc priest but do no damage.
You hear a shout!
The orc misses you. The orc closely misses you.
You completely miss the orc priest. The orc priest hits you with a war axe!
* * * LOW HITPOINT WARNING * * *
The orc closely misses you.
The orc wizard hits you but does no damage.
The orc misses you.
You hit the orc priest but do no damage.
The orc misses you. The orc completely misses you.
The orc wizard gestures wildly while chanting.
The orc wizard blinks!
The orc priest completely misses you. The orc hits you with a trident.
You die...

## #. ##. .. #
##.######## ##.
#.oo......# ....#
#..##ro@o.....#
...
....<.o?ยง.....#
...
####..........#
... ##..........
#.# #.........#
#.# #?.....o.$.
#.# #.#####....
#.# ##.# #.##. #.#
#..# #...# #)#
####.##...#
###(######.......#


You could see an orc priest, an orc wizard, 4 orcs and a rat.

Vanquished Creatures
  2 adders (D:2)
  2 dart slugs (D:1)
  2 leopard geckos
  A ball python (D:2)
  3 bats
  A giant cockroach (D:1)
  10 hobgoblins
  3 jackals (D:1)
  4 frilled lizards
  5 goblins
  7 kobolds
  5 rats
45 creatures vanquished.

Notes
Turn   | Place    | Note
-------+----------+-------------------------------------------
     0 | D:1      | hilaritas the Spriggan Assassin began the quest for the Orb.
     0 | D:1      | Reached XP level 1. HP: 10/10 MP: 2/2
    73 | D:1      | Reached skill level 6 in Stealth
   318 | D:1      | Reached XP level 2. HP: 14/14 MP: 3/3
   788 | D:1      | Reached skill level 7 in Stealth
   877 | D:1      | Reached XP level 3. HP: 17/18 MP: 4/4
  1502 | D:2      | Reached XP level 4. HP: 17/22 MP: 5/5
  1817 | D:3      | Slain by an orc

Skill      XL: |  1  2  3 |
---------------+----------+-----
Stealth        | 6 7 |  7.8
Short Blades   | 3 |  3.2
Fighting       | |  1.5
Throwing       | |  2.0
Dodging        | |  1.5

Action                   |  1- 3 |  4- 6 || total
-------------------------+-------+-------++-------
Melee: Dagger            |   126 |    26 ||   152
 Stab: Sleeping          |    11 |       ||    11
       Distracted        |     1 |       ||     1
Armor: Robe              |    18 |     3 ||    21
Dodge: Dodged            |    81 |    27 ||   108
